 Dungeon Crawl Stone Soup version 0.28-a0-861-ge64d6db94f (webtiles) character file.

Game seed: 16947487899938351925

56 croobank the Digger (level 4, -3/30 HPs)
             Began as a Formicid Earth Elementalist on Nov 15, 2021.
             Slain by a kobold (13 damage)
             ... on level 3 of the Dungeon.
             The game lasted 00:13:30 (2311 turns).

croobank the Digger (Formicid Earth Elementalist)   Turns: 2311, Time: 00:13:30

Health: -3/30      AC: 14    Str: 13    XL:     4   Next: 17%
Magic:  8/8        EV: 12    Int: 15    God:
Gold:   38         SH:  0    Dex: 11    Spells: 8/9 levels left

rFire   x . .      SeeInvis +   f - +1 dagger (protect)
rCold   + . .      Faith    .   (no shield)
rNeg    . . .      Spirit   .   b - +1 robe
rPois   .          Reflect  .   (helmet unavailable)
rElec   .          Harm     .   (no cloak)
rCorr   .          Rampage  .   (no gloves)
Will    .....                   (no boots)
Stlth   ++........              (no amulet)
HPRegen 0.10/turn               a - +4 ring of protection
MPRegen 0.11/turn               e - ring of ice

@: under a protective aura
A: permanent stasis, dig shafts and tunnels, antennae 3, four strong arms
a: Dig, Shaft Self


You were on level 3 of the Dungeon.
You visited 1 branch of the dungeon, and saw 3 of its levels.

You collected 60 gold pieces.
You spent 22 gold pieces at shops.

Inventory:

Hand Weapons
 f - a +1 dagger of protection (weapon)
 k - a +0 dagger
Armour
 b - a +1 robe (worn)
Magical Staves
 h - a staff of poison
Jewellery
 a - a +4 ring of protection (left hand)
 e - a ring of ice (right hand)
Scrolls
 c - a scroll of enchant weapon
 d - 2 scrolls of enchant armour
 g - a scroll of fog {unknown}
 j - a scroll of teleportation {unknown}
 l - a scroll of vulnerability
Potions
 i - 2 potions of ambrosia


   Skills:
 + Level 0.1 Short Blades
 + Level 2.1 Dodging
 + Level 2.5 Stealth
 + Level 0.4 Unarmed Combat
 + Level 3.0 Spellcasting
 + Level 1.1 Transmutations
 + Level 4.6 Earth Magic


You had 8 spell levels left.
You knew the following spells:

 Your Spells              Type           Power      Damage    Failure   Level
a - Sandblast             Erth           32%        2d9       3%          1

Your spell library contained the following spells:

 Spells                   Type           Power      Damage    Failure   Level
 Passwall                 Tmut/Erth      8%         N/A       10%         2
 Stone Arrow              Conj/Erth      18%        3d8       24%         3
 Petrify                  Tmut/Erth      10%        N/A       52%         4


Dungeon Overview and Level Annotations

Branches:
Dungeon (3/15)

Altars:

Shops:
D:2 ?

Annotations:
D:2 Sigmund


Innate Abilities, Weirdness & Mutations

You cannot be hasted, slowed, berserked, paralysed or teleported.
You can dig through walls and to a lower floor.
You have a pair of large antennae on your head. (SInv)
Your four strong arms can wield two-handed weapons with a shield.


Message History

Unknown command.
j - a scroll labelled ANYUT HISOTEG A kobold comes into view.
It is wielding a +2 short sword of electrocution.
The kobold shouts!
You barely miss the kobold. The kobold hits you but does no damage.
You closely miss the kobold. The kobold barely misses you.
You closely miss the kobold. The kobold barely misses you.
You hit the kobold.
Your weapon exudes an aura of protection.
The kobold is moderately wounded.
The kobold hits you but does no damage.
You completely miss the kobold. The kobold hits you but does no damage.
You are electrocuted!
You hit the kobold.
The kobold is severely wounded.
The kobold hits you with a +2 short sword of electrocution.
You are electrocuted!
* * * LOW HITPOINT WARNING * * *
Okay, then.
Things that are here:
a +0 club; a goblin corpse
There is a stone staircase leading up here.
You climb upwards.
Level annotation: Sigmund
There is a stone staircase leading down here.
You start resting.
You sense a monster nearby.
You start resting.
HP restored.
You climb downwards.
The kobold hits you but does no damage.
There is a stone staircase leading up here.
You hit the kobold.
Your weapon exudes an aura of protection.
The kobold is heavily wounded.
The kobold hits you but does no damage.
You are electrocuted!!
Ouch! That really hurt!
You hit the kobold.
The kobold is severely wounded.
The kobold hits you but does no damage.
You are electrocuted!
You die...

. #.###### .
#...@K.##### ##.
#####......# ##..
##..###.# ##...
#.....).# ....
#...##..#######...
#...##............
#...##.########...
#...##.## ###.
#...#...#### #.


You could see a kobold.

Vanquished Creatures
  An adder (D:3)
  A worm (D:2)
  2 dart slugs (D:2)
  5 bats
  5 endoplasms
  4 giant cockroaches
  3 goblins
  2 hobgoblins (D:1)
  A kobold (D:2)
  3 quokkas
  4 ball pythons
  2 frilled lizards
  4 rats (D:1)
37 creatures vanquished.

Vanquished Creatures (others)
  2 fungi (D:2)
  A plant (D:2)
3 creatures vanquished.

Grand Total: 40 creatures vanquished

Notes
Turn   | Place    | Note
-------+----------+-------------------------------------------
     0 | D:1      | croobank the Formicid Earth Elementalist began the quest
                  | for the Orb.
     0 | D:1      | Reached XP level 1. HP: 13/13 MP: 3/3
   279 | D:1      | Reached XP level 2. HP: 16/19 MP: 3/5
   506 | D:1      | Reached skill level 4 in Earth Magic
   952 | D:2      | Reached XP level 3. HP: 24/24 MP: 2/6
  1123 | D:2      | Found Focehako's Magic Scroll Boutique.
  1126 | D:2      | Bought a scroll of identify for 22 gold pieces
  1524 | D:2      | Noticed Sigmund
  2030 | D:3      | Reached XP level 4. HP: 30/30 MP: 8/8
  2311 | D:3      | Slain by a kobold

Illustrated notes

Levels and vault maps discovered:
D:1:      dpeg_arrival_pits, layout_loops_ring, nrook_mini_backslash
D:2:      layout_basic, shapermc_ecumenical_altar_acropolis, serial_shops, shop,
          minmay_hexomino_u4, uniq_sigmund
D:3:      layout_loops_ring, elyvilon_altar_1, jmf_multi_god_temple,
          ebering_ghost_sewer_f, uniq_jessica, uniq_natasha

Skill      XL: |  1  2  3 |
---------------+----------+-----
Dodging        | 2 |  2.1
Earth Magic    | 4 |  4.6
Spellcasting   | 3 |  3.0
Short Blades   | |  0.1
Stealth        | |  2.5
Unarmed Combat | |  0.4
Transmutations | |  1.1

Action                   |  1- 3 |  4- 6 || total
-------------------------+-------+-------++-------
Melee: Unarmed           |    66 |       ||    66
       Dagger            |    55 |     8 ||    63
 Cast: Sandblast         |    30 |       ||    30
  Use: Scroll            |     6 |       ||     6
       Potion            |     2 |       ||     2
 Stab: Sleeping          |     5 |       ||     5
Armor: Robe              |    56 |     6 ||    62
Dodge: Dodged            |    75 |     2 ||    77

Table legend: (Time is in decaauts)
 A = Elapsed time spent in this place.
 B = Non-inter-level travel time spent in this place.
 C = Inter-level travel time spent in this place.
 D = Time resting spent in this place.
 E = Time spent auto-exploring this place.
 F = Levels seen in this place.
 G = Mean time per level.
                   A        B        C        D        E       F      G
               +--------+--------+--------+--------+--------+-----+--------+
         Total |   2310 |   2282 |     28 |    439 |   1284 |   3 |  770.0 |
       Dungeon |   2310 |   2282 |     28 |    439 |   1284 |   3 |  770.0 |
               +--------+--------+--------+--------+--------+-----+--------+

Top non-repeatable levels by time:
     D:2: 1171 daAuts
     D:1: 939 daAuts
     D:3: 200 daAuts
